 Dungeon Crawl Stone Soup version 0.28.0 (webtiles) character file.

Game seed: 11219379626852184982

4721 fragbeetle the Cleaver (level 10, -2/77 HPs)
             Began as a Hill Orc Fighter on Feb 10, 2022.
             Was a Follower of Uskayaw.
             Slain by a troll (9 damage)
             ... on level 9 of the Dungeon.
             The game lasted 00:12:27 (8497 turns).

fragbeetle the Cleaver (Hill Orc Fighter)           Turns: 8497, Time: 00:12:29

Health: -2/77      AC: 11    Str: 35    XL:     10   Next: 45%
Magic:  10/10      EV: 11    Int: 10    God:    Uskayaw [*.....]
Gold:   365        SH:  7    Dex: 16    Spells: 9/9 levels left

rFire   . . .      SeeInvis .   y - +10 spear of Ges Musm {venom, rPois Str+9 Int-2}
rCold   . . .      Faith    .   c - +0 buckler
rNeg    . . .      Spirit   .   n - +4 robe of Augmentation {Str+4 Int+4 Dex+4}
rPois   +          Reflect  .   G - +0 helmet
rElec   .          Harm     .   A - scarf {repulsion}
rCorr   .          Rampage  .   b - +0 pair of gloves
Will    .....                   R - +2 pair of boots
Stlth   +.........              (no amulet)
HPRegen 0.22/turn               (no ring)
MPRegen 0.12/turn               (no ring)

@: mighty, repel missiles
A: no striking features
a: Renounce Religion, Stomp


You were on level 9 of the Dungeon.
You worshipped Uskayaw.
Uskayaw was noncommittal.
You visited 2 branches of the dungeon, and saw 10 of its levels.

You collected 492 gold pieces.
You spent 127 gold pieces at shops.

Inventory:

Hand Weapons
 a - a +0 war axe
 j - a +2 rapier of venom
 w - a +0 vorpal flail
 y - the +10 spear of Ges Musm (weapon) {venom, rPois Str+9 Int-2}
   (You found it on level 4 of the Dungeon)

   It poisons the flesh of those it strikes.
   Str:       It affects your strength (+9).
   Int:       It affects your intelligence (-2).
   rPois:     It protects you from poison.
 B - a +1 flail of protection
 D - a +1 hand axe of electrocution
 Q - a +4 war axe
Missiles
 h - 28 sling bullets
 s - 15 boomerangs (quivered)
 C - 7 poisoned darts
Armour
 b - a +0 pair of gloves (worn)
 c - a +0 buckler (worn)
 n - the +4 robe of Augmentation (worn) {Str+4 Int+4 Dex+4}
   (You found it on level 2 of the Dungeon)

   Str:       It affects your strength (+4).
   Int:       It affects your intelligence (+4).
   Dex:       It affects your dexterity (+4).
 r - a +0 kite shield
 t - a +2 leather armour of willpower
 A - a scarf of repulsion (worn)
 G - a +0 helmet (worn)
 I - a +2 chain mail of cold resistance
 P - +0 swamp dragon scales
 R - a +2 pair of boots (worn)
Jewellery
 E - a +4 ring of evasion
Wands
 L - a wand of charming (3)
 N - a wand of mindburst (14)
Scrolls
 e - 2 scrolls of teleportation
 f - 4 scrolls of amnesia {unknown}
 g - 5 scrolls of immolation {unknown}
 k - a scroll of summoning {unknown}
 m - 5 scrolls of identify {unknown}
 p - a scroll of enchant weapon {unknown}
 u - a scroll of magic mapping {unknown}
 H - 2 scrolls of fear
 J - a scroll of fog
 K - a scroll of silence {unknown}
 M - a scroll of noise {unknown}
Potions
 d - a potion of might
 i - 2 potions of cancellation {unknown}
 l - 3 potions of degeneration {unknown}
 q - 3 potions of heal wounds {unknown}
 v - a potion of mutation {unknown}
 x - 3 potions of curing
 z - a potion of brilliance {unknown}
 O - a potion of flight {unknown}


   Skills:
 - Level 3.6 Fighting
 - Level 10.9(13.3) Axes
 - Level 10.5(12.0) Polearms
 - Level 3.2 Armour
 + Level 9.6 Shields


You had 9 spell levels left.
You didn't know any spells.
Your spell library contained the following spells:

 Spells                   Type           Power      Damage    Failure   Level
 Sandblast                Erth           0%         2d4       43%         1
 Passwall                 Tmut/Erth      0%         N/A       56%         2
 Ignite Poison            Fire/Tmut/Pois 0%         N/A       80%         3
 Mephitic Cloud           Conj/Pois/Air  0%         N/A       80%         3
 Stone Arrow              Conj/Erth      0%         3d7       80%         3
 Freezing Cloud           Conj/Ice/Air   0%         6-21      100%        5


Dungeon Overview and Level Annotations

Branches:
Dungeon (9/15)             Temple (1/1) D:7            Lair (0/6) D:9
    Orc (0/2) D:9

Altars:
Ashenzari
Cheibriados
Dithmenos
Elyvilon
Fedhas
Gozag
Hepliaklqana
Kikubaaqudgha
Makhleb
Nemelex Xobeh
Okawaru
Qazlal
Ru
Sif Muna
Trog
Uskayaw
Vehumet
Xom
Yredelemnul
Zin
The Shining One

Shops:
D:6 *

Annotations:
D:9 Erica


Message History

You are too injured to fight recklessly!
You are too injured to fight recklessly!
You hit the troll.
The troll is poisoned.
The troll is lightly wounded.
You completely miss the troll.
The troll is lightly wounded.
You block the troll's attack. The troll claws you.
* * * LOW HITPOINT WARNING * * *
The troll claws you.
* * * LOW HITPOINT WARNING * * *
You puncture the troll!
The troll looks as sick as possible!
The troll is moderately wounded.
You closely miss the troll.
The troll is moderately wounded.
You block the troll's attack. The troll claws you.
* * * LOW HITPOINT WARNING * * *
The troll claws you but does no damage.
You puncture the troll!
The troll looks as sick as possible!
The troll is heavily wounded.
You can now pass through a line of other dancers.
You closely miss the troll.
The troll is heavily wounded.
You block the troll's attack. The troll completely misses you.
The troll claws you.
* * * LOW HITPOINT WARNING * * *
You can no longer pass through a line of other dancers.
Erica the Fiery-Tempered comes into view.
She is wielding a +2 scimitar of flaming and wearing a +2 robe of fire resistance.
Erica shouts!
Erica casts a spell at you. You resist with significant effort.
You feel better. The troll bites you but does no damage.
The troll claws you but does no damage. You block the troll's attack.
You closely miss the troll.
The troll is severely wounded.
Okay, then.
You feel very mighty all of a sudden. The troll bites you!
* * * LOW HITPOINT WARNING * * *
The troll claws you!
You die...

### +#####.............. #
.......<###..######.... ...
.........#........##.... $..
.........#........##.... ...
....###..#........##.... ...
....###..#........##.... ...
#.........@.#........##....
#...........#........##....
####.........@T...............
............###'###.....###'##
..........##.....##....#.....
#.......#.......#....#.....
..#
#.......#.......######..#..
..#
#.......†.†._...+.......#..
..#
#.......#.......#.......#..
..#
#.......#.......###........
..# #.......##.....##
#........


You could see Erica and a troll (very poisoned).

Vanquished Creatures
  A boulder beetle (D:7)
  Maggie (D:7)
  A hornet (D:5)
  6 yaks (D:8)
  Eustachio (D:4)
  Duvessa (D:4)
  2 orc warriors
  A black bear (D:6)
  A necrophage (D:6)
  An ice beast (D:7)
  A wolf (D:9)
  2 ogres
  2 centaurs
  A phantom (D:5)
  A bullfrog (D:7)
  A kobold brigand (D:9)
  A wyvern zombie (D:6)
  5 scorpions
  A wyvern skeleton (D:5)
  Dowan (D:4)
  6 wights
  6 howler monkeys
  A centaur zombie (D:6)
  5 hounds
  3 jellies
  A bullfrog skeleton (D:5)
  An orc wizard (D:8)
  A howler monkey skeleton (D:7)
  5 gnolls
  9 adders
  An ufetubus (D:5)
  2 adder skeletons (D:4)
  A worm (D:2)
  A dart slug (D:4)
  25 orcs
  3 ball pythons
  7 endoplasms
  5 giant cockroaches
  7 goblins
  9 hobgoblins
  8 jackals
  16 kobolds
  6 bats
  2 frilled lizards
  2 rats (D:2)
165 creatures vanquished.

Vanquished Creatures (others)
  9 fungi (D:6)
9 creatures vanquished.

Grand Total: 174 creatures vanquished

Notes
Turn   | Place    | Note
-------+----------+-------------------------------------------
     0 | D:1      | fragbeetle the Hill Orc Fighter began the quest for the
                  | Orb.
     0 | D:1      | Reached XP level 1. HP: 19/19 MP: 1/1
   171 | D:1      | Reached XP level 2. HP: 26/26 MP: 2/2
   521 | D:1      | Reached XP level 3. HP: 31/31 MP: 3/3
   582 | D:1      | Reached skill level 5 in Axes
  1322 | D:2      | Reached XP level 4. HP: 39/39 MP: 4/4
  1357 | D:2      | Found the +4 robe of Augmentation {Str+4 Int+4 Dex+4}
  1560 | D:2      | Found a faded altar of an unknown god.
  1849 | D:3      | Found a sparkling altar of Nemelex Xobeh.
  1867 | D:3      | You fall into a shaft and drop 1 floor!
  1867 | D:4      | Noticed a scorpion
  2012 | D:4      | Killed a scorpion
  2013 | D:4      | Reached XP level 5. HP: 36/45 MP: 5/5
  2084 | D:4      | Noticed an ogre
  2090 | D:4      | Killed an ogre
  2091 | D:4      | Reached XP level 6. HP: 4/51 MP: 6/6
  2822 | D:4      | Found a bloodstained altar of Trog.
  2844 | D:4      | Noticed Eustachio
  3002 | D:4      | Killed Eustachio
  3003 | D:4      | Reached XP level 7. HP: 17/57 MP: 7/7
  3226 | D:4      | Noticed Duvessa
  3227 | D:4      | Noticed Dowan
  3465 | D:4      | Killed Duvessa
  3466 | D:4      | Reached skill level 10 in Axes
  3664 | D:4      | Killed Dowan
  3968 | D:4      | Identified the +10 spear of Ges Musm {venom, rPois Str+9
                  | Int-2}
  4079 | D:5      | Entered Level 5 of the Dungeon
  4119 | D:5      | Noticed a hornet
  4127 | D:5      | Killed a hornet
  4128 | D:5      | Reached XP level 8. HP: 36/64 MP: 8/8
  4476 | D:5      | Reached skill level 5 in Polearms
  5580 | D:6      | Found a snail-covered altar of Cheibriados.
  5588 | D:6      | Reached XP level 9. HP: 70/70 MP: 9/9
  5655 | D:6      | Found Sofour's General Store.
  5660 | D:6      | Bought a scroll of teleportation for 45 gold pieces
  5660 | D:6      | Bought a scroll of fear for 52 gold pieces
  5660 | D:6      | Bought a scroll of fog for 30 gold pieces
  6208 | D:7      | Found a staircase to the Ecumenical Temple.
  6208 | D:7      | Noticed a boulder beetle
  6223 | D:7      | Killed a boulder beetle
  6224 | D:7      | Reached skill level 10 in Polearms
  6232 | Temple   | Entered the Ecumenical Temple
  6294 | Temple   | Became a worshipper of Uskayaw the Reveller
  6344 | D:7      | Reached * piety under Uskayaw
  6427 | D:7      | Noticed Maggie
  6432 | D:7      | Reached ** piety under Uskayaw
  6437 | D:7      | Killed Maggie
  6437 | D:7      | Reached *** piety under Uskayaw
  6438 | D:7      | Reached skill level 5 in Shields
  6768 | D:7      | Reached **** piety under Uskayaw
  7030 | D:7      | Found a blossoming altar of Fedhas.
  7107 | D:8      | Reached XP level 10. HP: 62/77 MP: 10/10
  7118 | D:8      | Reached ***** piety under Uskayaw
  7990 | D:9      | Found a staircase to the Orcish Mines.
  8314 | D:9      | Found a radiant altar of Vehumet.
  8459 | D:9      | Found a staircase to the Lair.
  8492 | D:9      | Noticed Erica
  8497 | D:9      | Slain by a troll

Illustrated notes

Levels and vault maps discovered:
D:1:      saegor_arrival_miasma, layout_basic
D:2:      layout_loops_ring, shapermc_ecumenical_altar_starsandcircs,
          kennysheep_generic_room_2
D:3:      layout_loops_ring, nemelex_xobeh_ov_fountains_minmay
D:4:      layout_cave_pools, mainiacjoe_overflow_paths, supply_closet_lemuel,
          uniq_duvessa, uniq_eustachio
D:5:      corexii_shack_village, layout_basic
D:6:      layout_basic, lemuel_tele_altar, serial_shops, shop, serial_aquarium,
          aquarium_bridge_square [aquarium_subvault_bridge,
          aquarium_subvault_bridge, aquarium_subvault_window,
          aquarium_subvault_bridge], aquarium_window_fake, aquarium_window_fake,
          aquarium_view_2c, aquarium_balcony_double_4, aquarium_pool_2
D:7:      layout_loops_cross, marbit_many_paths, minmay_temple_entry_slanted,
          uniq_maggie
D:8:      layout_loops_ring
D:9:      layout_stronghold, nicolae_vehumet_altar_sigil,
          mainiacjoe_overflow_alcove_2, erik_lair_island, david_orc_3,
          lightli_minifort, uniq_erica
Temple:   nicolae_temple_x_marks_the_god

Skill      XL: |  1  2  3  4  5  6  7  8  9 10 |
---------------+-------------------------------+-----
Axes           | 3 4 5 7 8 9 10 | 10.9
Polearms       | 4 8 10 | 10.5
Shields        | 7 9 |  9.6
Fighting       | |  3.6
Armour         | |  3.2

Action                   |  1- 3 |  4- 6 |  7- 9 | 10-12 || total
-------------------------+-------+-------+-------+-------++-------
Melee: War axe           |    78 |    96 |    38 |       ||   212
       Spear             |       |       |   168 |   104 ||   272
  Use: Potion            |       |     2 |     1 |     2 ||     5
 Stab: Sleeping          |       |     1 |     6 |       ||     7
       Paralysed         |       |       |     4 |       ||     4
       Distracted        |       |       |     1 |     1 ||     2
Armor: Scale mail        |    42 |    12 |       |       ||    54
       Robe              |       |    32 |    27 |    12 ||    71
       Leather armour    |       |    14 |     3 |       ||    17
Dodge: Dodged            |    45 |    46 |    44 |    17 ||   152
       Repelled          |       |       |     1 |       ||     1
Block: Buckler           |    16 |    29 |    25 |    13 ||    83
